 Dungeon Sprint DCSS version 0.19.5 (webtiles) character file.

201 equalderp2856 the Frost Mage (level 5, 0/28 HPs)
             Began as a Deep Elf Ice Elementalist on Apr 2, 2017.
             Was an Initiate of Gozag.
             Slain by a deep elf mage
             ... wielding a +0 long sword
              (6 damage)
             ... in the Dungeon (Sprint VII: "The Pits").
             The game lasted 00:02:42 (565 turns).

equalderp2856 the Frost Mage (DEIE)                  Turns: 565, Time: 00:02:43

Health: 0/28       AC:  2    Str:  6    XL:     5   Next: 50%
Magic:  17/17      EV: 15    Int: 20    God:    Gozag
Gold:   0          SH:  0    Dex: 15    Spells: 5 memorised, 6 levels left

rFire  . . .     SeeInvis .     (no weapon)
rCold  . . .     Gourm    .     a - +0 robe
rNeg   . . .     Faith    .     (no shield)
rPois  .         Spirit   .     (no helmet)
rElec  .         Reflect  .     (no cloak)
rCorr  .         Harm     .     (no gloves)
MR     .....     NoTele   +     (no boots)
Stlth  +++.......               (no amulet)
                                (no ring)
                                (no ring)

@: no status effects
A: no striking features
a: Potion Petition, Call Merchant, Bribe Branch, Renounce Religion


You were in the Dungeon.
You worshipped Gozag.
Gozag was noncommittal.
You were not hungry.

You visited 1 branch

Inventory:

Hand Weapons
 j - a +2 falchion
 k - a +2 quarterstaff
 l - a +2 dagger
 m - a +2 hand axe
 n - a +2 mace
 o - a +2 trident of venom
Armour
 a - a +0 robe (worn)
Scrolls
 i - a scroll of blinking
 q - 3 scrolls of remove curse
 r - 5 scrolls of amnesia
 s - a scroll of summoning
Potions
 d - 6 potions of curing
 e - 5 potions of heal wounds
 f - a potion of haste
 g - 3 potions of magic
 h - 3 potions of berserk rage
 p - 2 potions of invisibility
Books
 b - a book of Frost

   Spells                             Type                      Level
   a - Freeze                         Ice                          1
   b - Throw Frost                    Conjuration/Ice              2
   c - Ozocubu's Armour               Charms/Ice                   3
   d - Throw Icicle                   Conjuration/Ice              4
   e - Summon Ice Beast               Ice/Summoning                4
Comestibles
 c - 8 bread rations
 t - 40 fruits
 u - 7 meat rations


   Skills:
 + Level 4.7 Dodging
 + Level 4.4 Stealth
 + Level 8.4 Spellcasting
 + Level 1.4 Conjurations
 + Level 9.9 Ice Magic


You had 6 spell levels left.
You knew the following spells:

 Your Spells              Type           Power        Failure   Level  Hunger
a - Freeze                Ice            ####         1%          1    None
b - Throw Frost           Conj/Ice       ####..       1%          2    None
c - Ozocubu's Armour      Chrm/Ice       ####....     3%          3    None
d - Throw Icicle          Conj/Ice       ####....     10%         4    ###....
e - Summon Ice Beast      Ice/Summ       ####....     12%         4    ###....


Dungeon Overview and Level Annotations

Branches:
Dungeon (1/1)

Altars:
Ashenzari
Cheibriados
Dithmenos
Elyvilon
Fedhas
Gozag
Hepliaklqana
Kikubaaqudgha
Makhleb
Nemelex Xobeh
Okawaru
Qazlal
Ru
Sif Muna
Trog
Uskayaw
Vehumet
Xom
Yredelemnul
Zin
The Shining One
Beogh
Jiyva
Lugonu


Message History

The deep elf mage closely misses you.
Casting: Freeze
Confirm with . or Enter, or press ? or * to list all spells.
Aiming: Freeze
Press: ? - help, Shift-Dir - straight line, f/p - deep elf mage
Aim: a deep elf mage, wielding a long sword and wearing a leather armour (severely wounded)
You freeze the deep elf mage.
The deep elf mage is severely wounded.
The deep elf mage misses you. The earth elemental hits you!
You feel much better.
The deep elf mage hits you with a long sword.
Casting: Freeze
Confirm with . or Enter, or press ? or * to list all spells.
You don't know that spell.
Magic courses through your body. The earth elemental hits you!
Ouch! That really hurt!
* * * LOW HITPOINT WARNING * * *
The deep elf mage hits you with a long sword.
You die...
Your body crumbles into a pile of gold.

##########.##.....
#........÷..'.....
#'#####'#####.....
#.#...#)#..##.....
#.#..÷#.#))#####'#
#E#...'.#))##.....
#E##'####))##.....
#e#.....#[[##.....
#@#.....#'###...<.
#E#..†.....##.....
#.#........##.....
#'###########.....
#.......# ######
#..#b#G.# #.## #
#.......#
#.##b##.#


You could see 3 earth elementals and a deep elf mage.

Vanquished Creatures
  A floating eye (D)
  A necrophage (D)
  A river rat (D)
  An ufetubus (D)
  A goblin (D)
  A bat (D)
  A frilled lizard (D)
  A giant cockroach zombie (D)
  A rat (D)
9 creatures vanquished.

Notes
Turn   | Place    | Note
-------+----------+-------------------------------------------
     0 | D        | equalderp2856 the Deep Elf Ice Elementalist began the quest for the Orb.
     0 | D        | Reached XP level 1. HP: 10/10 MP: 6/6
    11 | D        | Noticed a floating eye
    19 | D        | Killed a floating eye
    19 | D        | Reached skill level 8 in Ice Magic
    19 | D        | Reached XP level 2. HP: 15/15 MP: 0/11
    19 | D        | Reached XP level 3. HP: 19/19 MP: 0/12
    19 | D        | Reached XP level 4. HP: 24/24 MP: 0/14
    24 | D        | Learned a level 2 spell: Throw Frost
    28 | D        | Learned a level 3 spell: Ozocubu's Armour
    33 | D        | Learned a level 4 spell: Throw Icicle
    38 | D        | Learned a level 4 spell: Summon Ice Beast
   140 | D        | Found a radiant altar of Vehumet.
   140 | D        | Found a hide-covered altar of Uskayaw.
   140 | D        | Found an ancient bone altar of Kikubaaqudgha.
   140 | D        | Found a viscous altar of Jiyva.
   140 | D        | Found a hazy altar of Hepliaklqana.
   141 | D        | Found a bloodstained altar of Trog.
   141 | D        | Found a deep blue altar of Sif Muna.
   141 | D        | Found a sacrificial altar of Ru.
   141 | D        | Found a stormy altar of Qazlal.
   141 | D        | Found an iron altar of Okawaru.
   141 | D        | Found a sparkling altar of Nemelex Xobeh.
   141 | D        | Found an opulent altar of Gozag.
   141 | D        | Found a blossoming altar of Fedhas.
   141 | D        | Found a white marble altar of Elyvilon.
   141 | D        | Found a shadowy altar of Dithmenos.
   141 | D        | Found a snail-covered altar of Cheibriados.
   142 | D        | Found a glowing golden altar of the Shining One.
   142 | D        | Found a glowing silver altar of Zin.
   143 | D        | Found a burning altar of Makhleb.
   143 | D        | Found a basalt altar of Yredelemnul.
   143 | D        | Found a roughly hewn altar of Beogh.
   144 | D        | Found a corrupted altar of Lugonu.
   144 | D        | Found a shimmering altar of Xom.
   144 | D        | Found a shattered altar of Ashenzari.
   246 | D        | Noticed a necrophage
   265 | D        | Killed a necrophage
   265 | D        | Reached skill level 9 in Ice Magic
   265 | D        | Reached XP level 5. HP: 19/27 MP: 2/17
   478 | D        | Became a worshipper of Gozag Ym Sagoz the Greedy
   508 | D        | Noticed a deep elf mage
   513 | D        | Noticed a floating eye
   565 | D        | Slain by a deep elf mage

Skill      XL: |  1  2  3  4 |
---------------+-------------+-----
Dodging        | 4 |  4.7
Stealth        | 4 |  4.4
Spellcasting   | 6 8 |  8.4
Ice Magic      | 8 9 |  9.9
Conjurations   | |  1.4

Action                   |  1- 3 |  4- 6 || total
-------------------------+-------+-------++-------
Melee: Unarmed           |       |    36 ||    36
 Cast: Freeze            |     4 |    17 ||    21
       Throw Icicle      |       |     5 ||     5
       Summon Ice Beast  |       |     1 ||     1
  Use: Potion            |       |     2 ||     2
 Stab: Sleeping          |       |     1 ||     1
Armor: Robe              |       |    14 ||    14
Dodge: Dodged            |       |    42 ||    42
